 Dungeon Crawl Stone Soup version 0.31-a0-1178-gc5c9b8f871 (webtiles) character file.

Game seed: 16716791247927045028

91 qw the Shooter (level 4, 0/28 HPs)
             Began as a Gargoyle Hunter on Dec 11, 2023.
             Killed from afar by an orc wizard (10 damage)
             ... with a puff of flame
             ... on level 3 of the Dungeon.
             The game lasted 00:00:48 (1554 turns).

qw the Shooter (Gargoyle Hunter)                    Turns: 1554, Time: 00:00:48

Health: 0/28       AC: 10    Str: 15    XL:     4   Next: 57%
Magic:  4/4        EV: 11    Int:  9    God:
Gold:   150        SH:  0    Dex: 17    Spells: 3/3 levels left

rFire   . . .        a - +0 shortbow (heavy)
rCold   . . .        (shield currently unavailable)
rNeg    + . .        b - +1 ring mail
rPois   inf          (no helmet)
rElec   +            d - +0 cloak "Soazad" {*Slow rElec Dex+2}
rCorr   .            (no gloves)
SInv    .            (no boots)
Will    .....        (no amulet) Stlth
                     (no ring)
HPRegen 0.24/turn    (no ring)
MPRegen 0.09/turn

%: slow self (1%)
@: confused
A: sickness immunity, AC +3, negative energy resistance 1, electricity
resistance, torment resistance 1, petrification resistance
a: no special abilities


You were on level 3 of the Dungeon.
You visited 1 branch of the dungeon, and saw 3 of its levels.

You collected 150 gold pieces.


Innate Abilities, Weirdness & Mutations

You are immune to sickness and miasma.
Your stone body is resilient. (AC +3)
You are immune to poison.
You resist negative energy. (rN+)
You are resistant to electric shocks. (rElec)
You are resistant to unholy torment.
You are immune to petrification.


   Skills:
 - Level 3.0 Fighting
 + Level 5.3 Ranged Weapons
 - Level 1.1 Armour
 - Level 1.5 Dodging
 - Level 1.1 Stealth


You had 3 spell levels left.
You didn't know any spells.
Your spell library was empty.

Inventory:

Hand Weapons
 a - a +0 heavy shortbow (weapon)
Armour
 b - a +1 ring mail (worn)
 d - the +0 cloak "Soazad" (worn) {*Slow rElec Dex+2}
   (You acquired it on level 1 of the Dungeon)

   Dex+2:     It affects your dexterity (+2).
   rElec:     It insulates you from electricity.
   *Slow:     It may slow you when you take damage.
Scrolls
 e - a scroll of fog {unknown}
 g - a scroll of teleportation {unknown}
Potions
 c - a potion of enlightenment {unknown}
 f - a potion of mutation {unknown}

Dungeon Overview and Level Annotations

Branches:
Dungeon (3/15)

Altars:


Message History

Something hits you but does no damage. x2
You shoot an arrow. Something hits you. Something hits you but does no damage.
You shoot an arrow. Something hits you but does no damage.
You hear some strange, mumbled words.
A puff of flame appears from out of thin air!
The puff of flame hits you.
You shoot an arrow.
Something hits you but does no damage. x2
You shoot an arrow.
Something hits you but does no damage. x2
You shoot an arrow.
Something hits you but does no damage. x2
You shoot an arrow. Something hits you but does no damage.
You shoot an arrow.
Something hits you but does no damage. x2
You shoot an arrow. Something hits you. Something hits you but does no damage.
You shoot an arrow.
An orc wizard appears from thin air!
Reactivating autopickup.
The orc wizard gestures at you while chanting.
You are confused.
The orc wizard misses you. The orc wizard closely misses you.
The orc wizard hits you with a +0 dagger.
The orc wizard hits you with a +0 dagger.
The orc wizard points at you and mumbles some strange words.
You resist with some effort.
You feel less confused.
The orc wizard points at you and mumbles some strange words.
You are confused.
The orc wizard closely misses you.
The orc wizard gestures at you while chanting.
You resist with some effort.
The orc wizard points at you and mumbles some strange words.
The puff of flame hits you!
You die...

......................
#.##..##..####..#.####
#.##..................
...........###..#.####
..#...##...#.....!#
..#...##.........##
#.#...##...#.#...########.
........>.................
..............[.@#########
................o).)....
..#...............#####.
..#...##..............
..................##
#.#.#.##..........#
#.#.#.##..##.##...#
#.#.#.##..##.##...#
.............##...#


You could see an orc wizard.

Vanquished Creatures
  2 adders
  2 worms
  6 orcs
  7 bats
  7 endoplasms
  2 giant cockroaches
  5 goblins
  5 hobgoblins
  2 jackals (D:1)
  2 quokkas
  8 ball pythons
  2 frilled lizards (D:1)
  5 kobolds
  2 rats (D:2)
57 creatures vanquished.

Notes
Turn   | Place    | Note
-------+----------+-------------------------------------------
     0 | D:1      | qw the Gargoyle Hunter began the quest for the Orb.
     0 | D:1      | Reached XP level 1. HP: 12/12 MP: 1/1
     0 | D:1      | 0 ||| qw: Version: 0.3-a-106-g2cfff9e
     0 | D:1      | 0 ||| qw: Game counter: 2057
     0 | D:1      | 0 ||| qw: Melee chars always use a shield: true
     0 | D:1      | 0 ||| qw: God list: Okawaru
     0 | D:1      | 0 ||| qw: Allow faded altars: false
     0 | D:1      | 0 ||| qw: Do Orc after clearing Dungeon:15 true
     0 | D:1      | 0 ||| qw: Do second Lair branch before Depths: true
     0 | D:1      | 0 ||| qw: Lair rune preference: random
     0 | D:1      | 0 ||| qw: Goals: Normal, Save, Zot:1-4, Win
     0 | D:1      | 0 ||| PLANNING D:1-11
   208 | D:1      | Reached XP level 2. HP: 17/17 MP: 2/2
   638 | D:1      | 638 ||| READING scroll labelled FEDICV OTIOWOPP.
   638 | D:1      | 638 ||| IDENTIFYING metallic ruby potion
   639 | D:1      | 639 ||| READING scroll labelled INGOIVOAT.
   740 | D:1      | 740 ||| READING scroll labelled VITUCO DOXZI.
   741 | D:1      | 741 ||| READING scroll labelled WASTURCH GEONIA.
   741 | D:1      | Identified a scroll of acquirement
   741 | D:1      | 741 ||| 741 ||| Offered manual of Stealth
   741 | D:1      | 741 ||| 741 ||| Offered +0 cloak "Soazad" {*Slow rElec
                  | Dex+2}
   741 | D:1      | 741 ||| 741 ||| Offered staff of poison
   741 | D:1      | 741 ||| 741 ||| Offered 763 gold pieces
   741 | D:1      | 741 ||| ACQUIRING +0 cloak "Soazad" {*Slow rElec Dex+2}
   741 | D:1      | Acquired the +0 cloak "Soazad" {*Slow rElec Dex+2}
   743 | D:1      | 743 ||| UPGRADING to +0 cloak "Soazad" {*Slow rElec Dex+2}.
   748 | D:1      | 748 ||| DROPPING scroll of butterflies.
   760 | D:2      | 760 ||| STAIRDANCE
   806 | D:1      | 806 ||| UPGRADING to +0 ring mail.
   816 | D:1      | 816 ||| DROPPING +0 leather armour.
   824 | D:2      | Reached skill level 1 in Armour
   824 | D:2      | Reached XP level 3. HP: 20/21 MP: 3/3
   885 | D:2      | Reached skill level 5 in Ranged Weapons
  1271 | D:2      | 1271 ||| READING 2 scrolls of identify.
  1271 | D:2      | 1271 ||| IDENTIFYING orange potion
  1272 | D:2      | 1272 ||| READING scroll of identify.
  1272 | D:2      | 1272 ||| IDENTIFYING scroll labelled FEYZED HEINTI
  1273 | D:2      | 1273 ||| READING scroll of brand weapon.
  1273 | D:2      | 1273 ||| BRANDING +0 shortbow.
  1274 | D:2      | 1274 ||| READING scroll labelled MEMUDO IJUOCEA.
  1274 | D:2      | 1274 ||| ENCHANTING +0 ring mail.
  1275 | D:2      | 1275 ||| DROPPING potion of degeneration.
  1339 | D:3      | Reached XP level 4. HP: 27/27 MP: 4/4
  1380 | D:3      | Reached skill level 3 in Fighting
  1533 | D:3      | 1533 ||| DRINKING potion of curing.
  1533 | D:3      | 1533 ||| (to cure confusion)
  1554 | D:3      | Killed from afar by an orc wizard

Levels and vault maps discovered:
D:1:      dpeg_arrival_erosion, layout_basic, chequers_jeans
D:2:      layout_rooms
D:3:      layout_basic

Skill      XL: |  1  2  3  4 |
---------------+-------------+-----
Armour         | 1 |  1.1
Ranged Weapons | 5 |  5.3
Fighting       | 3 |  3.0
Dodging        | |  1.5
Stealth        | |  1.1

Action                     |  1- 3 |  4- 6 || total
---------------------------+-------+-------++-------
   Fire: Shortbow          |   133 |    49 ||   182
    Use: Scroll            |     8 |       ||     8
         Potion            |       |     1 ||     1
 Armour: Leather armour    |    22 |       ||    22
         Ring mail         |    20 |    27 ||    47
  Dodge: Dodged            |    36 |    13 ||    49

Table legend:
 A = Non-vault XP
 B = Vault XP
 C = Vault XP percentage of total XP
 D = Non-vault monster count
 E = Vault monster count
 F = Vault count percentage of total count
                 A         B        C        D         E       F
            +---------+---------+-------+---------+---------+-------
      Total |     130 |       0 |   0.0 |      57 |       0 |   0.0
            +---------+---------+-------+---------+---------+-------
        D:1 |      32 |       0 |   0.0 |      18 |       0 |   0.0
        D:2 |      46 |       0 |   0.0 |      20 |       0 |   0.0
        D:3 |      52 |       0 |   0.0 |      19 |       0 |   0.0
            +---------+---------+-------+---------+---------+-------
